 Dungeon Crawl Stone Soup version 0.18-a0-19-g8b99b3a (webtiles) character file.

173 Raultor the Covered (level 5, -9/32 HPs)
             Began as a Gargoyle Fighter on Nov 1, 2015.
             Mangled by an ogre
             ... wielding a +0 giant club
              (17 damage)
             ... on level 4 of the Dungeon.
             The game lasted 00:07:12 (3229 turns).

Raultor the Covered (Gargoyle Fighter)              Turns: 3229, Time: 00:07:12

Health: -9/32      AC: 14    Str: 26    XL:     5   Next: 53%
Magic:  5/5        EV:  7    Int:  8    God:
Gold:   141        SH: 10    Dex:  9    Spells: 0 memorised, 4 levels left

rFire  . . .     SeeInvis .     a - +0 flail
rCold  . . .     Clarity  .     b - +0 scale mail
rNeg   + . .     SustAt   +     c - +0 shield
rPois  ∞         Gourm    .     u - +1 helmet
rElec  +         Spirit   .     w - +0 cloak
rCorr  .         Warding  .     (no gloves)
rMut   .         Stasis   .     (no boots)
MR     .....                    (no amulet)
Stlth  ..........               (no ring)
                                x - ring of sustain attributes

@: mighty, not resistant to hostile enchantments, extremely unstealthy
A: negative energy resistance 1, electricity resistance, unbreathing,
petrification resistance, rot immunity, AC +4
a: no special abilities


You were on level 4 of the Dungeon.
You were not hungry.

You visited 1 branch of the dungeon, and saw 4 of its levels.

You collected 141 gold pieces.

Inventory:

Hand Weapons
 a - a +0 flail (weapon)
Armour
 b - a +0 scale mail (worn)
 c - a +0 shield (worn)
 u - a +1 helmet (worn)
 w - a +0 cloak (worn)
Jewellery
 x - a ring of sustain attributes (left hand)
 y - a +3 ring of dexterity {unknown}
Wands
 z - a wand of teleportation (4)
Scrolls
 f - a scroll of noise {unknown}
 i - 4 scrolls of teleportation {unknown}
 k - 2 scrolls of remove curse {unknown}
 m - 3 scrolls of recharging {unknown}
 p - 3 scrolls of enchant weapon {unknown}
 t - 2 scrolls of random uselessness {unknown}
 v - 2 scrolls of identify {unknown}
Potions
 d - 2 potions of might
 g - a potion of beneficial mutation {unknown}
 h - a potion of agility {unknown}
 j - 2 potions of magic {unknown}
 q - a potion of haste {unknown}
 s - 4 potions of curing {unknown}
 A - a potion of brilliance {unknown}
Comestibles
 e - 2 bread rations
 l - 2 beef jerkies
 n - 4 fruits
 r - a meat ration


   Skills:
 - Level 3.2 Fighting
 * Level 3.7 Maces & Flails
 + Level 4.5 Armour
 + Level 4.5 Shields


You had 4 spell levels left.
You didn't know any spells.

Dungeon Overview and Level Annotations

Branches:
Dungeon (4/15)
 Temple: D:4-7

Altars:
Elyvilon
Qazlal


Innate Abilities, Weirdness & Mutations

You are resistant to torment.
Your stone body is resilient (AC +4).
You are immune to poison.
You resist negative energy.
You are resistant to electric shocks.
You can survive without breathing.
You are immune to petrification.
You are immune to rotting.


Message History

You block the ogre's attack.
You hit the ogre.
The ogre is heavily wounded.
The ogre hits you with a giant club!
* * * LOW HITPOINT WARNING * * *
You are too injured to fight recklessly!
You are too injured to fight recklessly!
You are too injured to fight recklessly!
You are too injured to fight recklessly!
You are too injured to fight recklessly!
There isn't anything here!
That item cannot be evoked!
You see here 15 stones.
You don't know any spells.
That item cannot be evoked!
Drink which item? (? for menu, Esc to quit)
You feel very mighty all of a sudden. The ogre hits you with a giant club!
Ouch! That really hurt!
You die...

#.....)#....####
#......#.(.....####
########.######.........#
...##.##.####.#.........#
..............##.......###
...............#...†...#.#
......<........##.....##.#
.......>........##...##†.#
................@O....[..#
#####....##.##..##...##.##
...##....##.#############
.............#
....[.....^..#
.....<.......#
)..##.(.....##
...>######### ....#


You could see an ogre.

Vanquished Creatures
  An iguana (D:4)
  A worker ant (D:4)
  3 adders
  An adder skeleton (D:4)
  3 worms
  3 giant geckos
  2 orcs
  7 bats
  3 giant cockroaches
  8 goblins
  8 hobgoblins
  12 jackals
  7 kobolds
  A quokka (D:3)
  A giant gecko skeleton (D:4)
  2 giant newts
  18 rats
81 creatures vanquished.

Notes
Turn   | Place    | Note
--------------------------------------------------------------
     0 | D:1      | Raultor the Gargoyle Fighter began the quest for the Orb.
     0 | D:1      | Reached XP level 1. HP: 14/14 MP: 1/1
    35 | D:1      | Reached XP level 2. HP: 16/19 MP: 2/2
   902 | D:1      | Reached XP level 3. HP: 23/23 MP: 3/3
  1234 | D:2      | Reached skill level 4 in Shields
  1852 | D:2      | Reached XP level 4. HP: 28/28 MP: 4/4
  2495 | D:3      | Found a white marble altar of Elyvilon.
  2732 | D:4      | Reached XP level 5. HP: 27/32 MP: 5/5
  2844 | D:4      | Found a stormy altar of Qazlal.
  3194 | D:4      | Noticed an ogre
  3229 | D:4      | Mangled by an ogre

Vault maps used:
D:1:      erik_arrival_orb_chamber
D:3:      grunt_ministairs_9, elyvilon_altar_3
D:4:      kennysheep_spiral_hall, overflow_temple_1_default,
          nicolae_qazlal_eye_of_the_storm, kennysheep_mini

Action                   |  1- 3 |  4- 6 || total
-------------------------+-------+-------++-------
Melee: Flail             |   159 |   143 ||   302
  Use: Potion            |       |     1 ||     1
  Eat: Chunk             |     3 |     5 ||     8
